 Dungeon Crawl Stone Soup version 0.31.0-12-g77e489cdc1 (webtiles) character file.

Game seed: 9052098400784580673

171 chippings the Ruffian (level 5, -5/42 HPs)
             Began as a Draconian Shapeshifter on Mar 7, 2024.
             Slain by an iguana (7 damage)
             ... on level 3 of the Dungeon.
             The game lasted 00:03:28 (1753 turns).

chippings the Ruffian (Draconian Shapeshifter)      Turns: 1753, Time: 00:03:29

Health: -5/42      AC:  5    Str: 23    XL:     5   Next: 26%
Magic:  5/5        EV: 12    Int: 10    God:
Gold:   124        SH:  0    Dex: 12    Spells: 4/4 levels left

rFire   . .          .
                       - Unarmed
rCold   . . .        (no shield)
rNeg    . . .        (body armour unavailable)
rPois   .            (helmet currently unavailable)
rElec   .            (cloak currently unavailable)
rCorr   .            e - melded +0 pair of gloves
SInv    .            (boots currently unavailable)
Will    .....        p - amulet of regeneration
Stlth   +            i - +6 ring of strength
HPRegen 1.07/turn    (no ring)
MPRegen 0.09/turn

%: no passive effects
@: beast-form
A: beast (slay +2), AC +5, unfitting armour, cold-blooded
a: Begin Untransformation


You were on level 3 of the Dungeon.
You were a hulking beast.
You visited 1 branch of the dungeon, and saw 3 of its levels.

You collected 124 gold pieces.

Inventory:

Armour
 e - a +0 pair of gloves (melded)
Magical Staves
 d - a staff of air
Jewellery
 i - a +6 ring of strength (left hand)
 n - an amulet of magic regeneration
 p - an amulet of regeneration (around neck)
Talismans
 b - a beast talisman (active)
 c - a flux talisman
Scrolls
 f - a scroll of vulnerability {unknown}
 g - 3 scrolls of revelation {unknown}
 k - 2 scrolls of identify {unknown}
 l - a scroll of fear {unknown}
 m - a scroll of enchant armour {unknown}
 o - a scroll of poison {unknown}
 s - a scroll of immolation {unknown}
Potions
 a - a potion of lignification
 h - a potion of degeneration {unknown}
 j - 3 potions of might {unknown}
 q - a potion of mutation {unknown}
 r - a potion of brilliance {unknown}


   Skills:
 + Level 2.6 Fighting
 + Level 2.7 Dodging
 * Level 4.3 Unarmed Combat
 + Level 3.7 Shapeshifting


You had 4 spell levels left.
You didn't know any spells.
Your spell library contained the following spells:

 Spells                   Type           Power      Damage    Failure   Level
 Lesser Beckoning         Tloc           0%         N/A       50%         2
 Gell's Gravitas          Tloc           0%         N/A       75%         3
 Teleport Other           Tloc           0%         N/A       75%         3


Dungeon Overview and Level Annotations

Branches:
Dungeon (3/15)

Altars:
Cheibriados


Innate Abilities, Weirdness & Mutations

You are a hulking beast.
Your limbs bulge with bestial killing power. (Slay +2)
Your plain brown scales are hard. (AC +5)
You cannot fit into any form of body armour.
You are cold-blooded and may be slowed by cold attacks.


Message History

The grasping roots constrict you.
You closely miss Ijyb. Ijyb hits you but does no damage.
The grasping roots constrict you.
You punch Ijyb!
Ijyb is moderately wounded.
Ijyb hits you with a +0 club. The grasping roots constrict you.
You miss Ijyb.
Ijyb is moderately wounded.
The grasping roots release their grip on you.
You closely miss Ijyb.
Your tail-slap misses Ijyb.
You punch Ijyb!
Ijyb is severely wounded.
Ijyb zaps a wand.
The roots erupt in riotous growth!
The grasping roots grab you!
Ijyb is unaffected.
The grasping roots constrict you.
You miss Ijyb.
Ijyb is severely wounded.
Ijyb closely misses you. The grasping roots constrict you.
You hit Ijyb.
Your tail-slap misses Ijyb.
Ijyb is severely wounded.
Ijyb hits you with a +0 club. The grasping roots constrict you.
You barely miss Ijyb.
Ijyb is severely wounded.
Ijyb completely misses you. The grasping roots constrict you.
You hit Ijyb but do no damage.
Ijyb is severely wounded.
Ijyb hits you with a +0 club. The grasping roots constrict you.
Okay, then.
You barely miss Ijyb.
Ijyb is severely wounded.
Ijyb hits you with a +0 club.
* * * LOW HITPOINT WARNING * * *
The grasping roots constrict you.
* * * LOW HITPOINT WARNING * * *
The grasping roots release their grip on you.
You hit Ijyb. You tail-slap Ijyb.
You kill Ijyb!
You barely miss the iguana. The iguana bites you!
* * * LOW HITPOINT WARNING * * *
You hit the iguana but do no damage. The iguana bites you!
You die...

#. #.. # #.. ### ######
#.#.....# ###...... #.#..##.#
#§l...... # #.....#.#
#.≈≈≈§≈≈≈
#.#.....#.######.§.....
#......)......hl...#####
.###..#..#†######.≈.....#.≈.#
........(#........≈.#._.#.≈.#
# ###.##.#########.≈.#
...≈.#.#
####..............≈.#####.≈...
........####.#.#..≈.......≈.#
..####..# #.#.#..≈≈≈≈§§≈≈≈.#
#..####.#.##...........#.#
#.......#.....#..........#


You could see an iguana.

Vanquished Creatures
  Ijyb (D:3)
  Natasha (thrice) (D:2)
  An adder (D:2)
  3 dart slugs
  6 ball pythons
  4 bats
  5 endoplasms
  4 goblins
  3 hobgoblins (D:2)
  7 jackals
  8 kobolds
  2 quokkas
  4 frilled lizards
  2 rats
53 creatures vanquished.

Notes
Turn   | Place    | Note
-------+----------+-------------------------------------------
     0 | D:1      | chippings the Draconian Shapeshifter began the quest for
                  | the Orb.
     0 | D:1      | Reached XP level 1. HP: 16/16 MP: 1/1
    59 | D:1      | Reached XP level 2. HP: 19/23 MP: 2/2
   432 | D:1      | Reached XP level 3. HP: 29/29 MP: 3/3
   792 | D:2      | Found a faded altar of an unknown god.
   856 | D:2      | Noticed Natasha
   865 | D:2      | Killed Natasha
   966 | D:2      | Noticed Natasha
   979 | D:2      | Killed Natasha
   980 | D:2      | Reached XP level 4. HP: 13/36 MP: 4/4
   992 | D:2      | Noticed Natasha
  1004 | D:2      | Reached skill level 4 in Unarmed Combat
  1007 | D:2      | Killed Natasha
  1575 | D:2      | Reached XP level 5. HP: 38/42 MP: 5/5
  1735 | D:3      | Noticed Ijyb
  1736 | D:3      | Found a snail-covered altar of Cheibriados.
  1751 | D:3      | Killed Ijyb
  1752 | D:3      | HP: 1/42 [iguana (7)]
  1753 | D:3      | Slain by an iguana

Illustrated notes

Levels and vault maps discovered:
D:1:      nzn_arrival_water_spiral, layout_loops_ring,
          dreamdust_princess_bridge, minmay_hexomino_u4
D:2:      layout_basic, shapermc_ecumenical_altar_flowoftime,
          minmay_gold_behind_fungi, hangedman_glass_teeth, uniq_natasha
D:3:      layout_basic, mainiacjoe_overflow_brackets, tgw_trog,
          uniq_crazy_yiuf_cottage, uniq_sigmund, uniq_grinder, uniq_ijyb

Skill      XL: |  1  2  3  4 |
---------------+-------------+-----
Dodging        | 2 |  2.7
Fighting       | 2 |  2.6
Unarmed Combat | 4 |  4.3
Shapeshifting  | |  3.7

Action                     |  1- 3 |  4- 6 || total
---------------------------+-------+-------++-------
  Melee: Unarmed           |    99 |    59 ||   158
         Tailslap          |     8 |     4 ||    12
         Punch             |     1 |     1 ||     2
Ability: Begin Untransform |     1 |       ||     1
    Use: Potion            |       |     1 ||     1
   Stab: Sleeping          |     3 |       ||     3
 Armour: Skin              |    60 |    25 ||    85
  Dodge: Dodged            |    60 |    22 ||    82
   Form: Beast             |     1 |       ||     1
